 Dungeon Crawl Stone Soup version 0.30.1-11-g7821555f0a (webtiles) character file.

Game seed: 3232636666085874074

5 Wegghi the Vexing (level 1, 0/17 HPs)
             Began as a Gnoll Hexslinger on Dec 5, 2023.
             Slain by a goblin
             ... wielding a +0 club
              (2 damage)
             ... on level 1 of the Dungeon.
             The game lasted 00:02:15 (79 turns).

Wegghi the Vexing (Gnoll Hexslinger)                  Turns: 79, Time: 00:02:16

Health: 0/17       AC:  2    Str:  9    XL:     1   Next: 80%
Magic:  2/4        EV: 13    Int: 12    God:
Gold:   11         SH:  0    Dex: 12    Spells: 4/5 levels left

rFire   . . .        a - +1 sling
rCold   . . .        (no shield)
rNeg    . . .        c - +0 robe
rPois   .            (no helmet)
rElec   .            (no cloak)
rCorr   .            (no gloves)
SInv    .            (no boots)
Will    .....        (no amulet)
Stlth   +            (no ring)
HPRegen 0.22/turn    (no ring)
MPRegen 0.09/turn

%: no passive effects
@: no status effects
A: fangs 1, strong nose, distributed training
a: no special abilities


You were on level 1 of the Dungeon.
You visited 1 branch of the dungeon, and saw 1 of its levels.

You collected 11 gold pieces.

Inventory:

Hand Weapons
 a - a +1 sling (weapon)
Armour
 c - a +0 robe (worn)
Scrolls
 d - 2 scrolls of identify {unknown}


   Skills:
 + Level 2.4 Fighting
 + Level 0.1 Short Blades
 + Level 0.1 Long Blades
 + Level 0.1 Axes
 + Level 0.1 Maces & Flails
 + Level 0.1 Polearms
 + Level 0.1 Staves
 + Level 4.4 Ranged Weapons
 + Level 0.1 Throwing
 + Level 0.1 Armour
 + Level 4.4 Dodging
 + Level 0.1 Stealth
 + Level 0.1 Shields
 + Level 0.1 Unarmed Combat
 + Level 2.6 Spellcasting
 + Level 0.1 Conjurations
 + Level 5.3 Hexes
 + Level 0.1 Summonings
 + Level 0.1 Necromancy
 + Level 0.1 Translocations
 + Level 0.1 Transmutations
 + Level 0.1 Fire Magic
 + Level 0.1 Ice Magic
 + Level 0.1 Air Magic
 + Level 0.1 Earth Magic
 + Level 0.1 Poison Magic
 + Level 0.2 Invocations
 + Level 0.1 Evocations


You had 4 spell levels left.
You knew the following spells:

 Your Spells              Type           Power      Damage    Failure   Level
a - Slow                  Hex            56%        N/A       2%          1

Your spell library contained the following spells:

 Spells                   Type           Power      Damage    Failure   Level
 Inner Flame              Hex/Fire       8%         N/A       26%         3
 Portal Projectile        Hex/Tloc       16%        N/A       26%         3
 Cause Fear               Hex            7%         N/A       28%         4


Dungeon Overview and Level Annotations

Branches:
Dungeon (1/15)

Altars:


Innate Abilities, Weirdness & Mutations

You have very sharp teeth.
Your uncanny sense of smell can sniff out nearby items.
Your experience applies equally to all skills.


Message History

The bat hits you but does no damage. The goblin hits you but does no damage.
A goblin comes into view. It is wielding a +0 club.
You shoot a sling bullet.
The sling bullet closely misses the goblin.
The bat misses you. The goblin closely misses you. x2
You shoot a sling bullet. The sling bullet misses the goblin.
The bat hits you but does no damage. The goblin barely misses you.
The goblin misses you.
You shoot a sling bullet.
The sling bullet barely misses the goblin.
The sling bullet hits the bat.
You kill the bat!
The goblin closely misses you. The goblin hits you with a +0 club.
You shoot a sling bullet.
The sling bullet completely misses the goblin.
The goblin closely misses you. The goblin hits you but does no damage.
You shoot a sling bullet. The sling bullet hits the goblin.
The goblin is severely wounded.
The goblin barely misses you. The goblin hits you but does no damage.
Read: scroll of poison
Press: ? - help, Q - select action, (/) - cycle Dir - look around, f - activate Look: a goblin, wielding a +0 club (severely wounded)
The air fills with toxic fumes!
As you read the scroll of poison, it crumbles to dust.
The goblin misses you. The goblin hits you but does no damage.
The goblin hits you with a +0 club.
Aiming: Slow (safe; 2% risk of failure)
Press: ? - help, Q - select action, (/) - cycle Shift-Dir - straight line, f/p - goblin
Aim: a goblin, wielding a +0 club (severely wounded, chance to affect: 65%)
The goblin seems to slow down.
The goblin misses you. The goblin closely misses you.
The goblin hits you with a +0 club.
Aiming: Slow (safe; 2% risk of failure)
Press: ? - help, Q - select action, (/) - cycle Shift-Dir - straight line, f/p - goblin
Aim: a goblin, wielding a +0 club (severely wounded, slow, chance to affect: 65%)
The goblin seems to slow down.
The goblin hits you with a +0 club. The goblin hits you with a +0 dagger.
* * * LOW HITPOINT WARNING * * *
The goblin hits you with a +0 club.
You die...

...##.#.# #.##.#
§§§§§§§§§§§#§####.##.#
§§§§§§§§§§§§§.#......#
§§§§§§§§§§§§..§.#....###
§§§§§§§§§§§..§§.........
§§§§§§§§§§.#§#####+#'###
§§§§§§§§§#§§§##..#.'....
§§§§§§gg§§#§§§§..#.#####
§§§§§§g@§§§§§§##......'.
§§§§§§#§§##§§§§..#.#####
§§§§§.§§§§§...§†.#.#....
§§§###§§§##§§#.#.#+#....
##...§§§§§..§§§....#.<>.
..##§§§§§..###.###....
.. #§§§§§.## #.# #..). .
#§§§§§§# #.# #####
.....### #..


You could see 3 goblins.

Vanquished Creatures
  An endoplasm (D:1)
  2 jackals (D:1)
  A bat (D:1)
  A rat (D:1)
5 creatures vanquished.

Notes
Turn   | Place    | Note
-------+----------+-------------------------------------------
     0 | D:1      | Wegghi the Gnoll Hexslinger began the quest for the Orb.
     0 | D:1      | Reached XP level 1. HP: 17/17 MP: 4/4
    79 | D:1      | Slain by a goblin

Illustrated notes

Levels and vault maps discovered:
D:1:      shiori_arrival_maze, layout_rooms

Action                     || total
---------------------------++-------
   Fire: Sling             ||    27
   Cast: Slow              ||     2
    Use: Scroll            ||     1
 Armour: Robe              ||    15
  Dodge: Dodged            ||    25
